 Dungeon Crawl Stone Soup version 0.29.1-13-g9f3cf754e1 (webtiles) character file.

Game seed: 9363809351389314029

4666 lennort the Priest (level 10, -5/77 HPs)
             Began as a Hill Orc Monk on Jan 27, 2023.
             Was a Believer of Beogh.
             Slain by an orc warrior
             ... wielding a +0 halberd
              (10 damage)
             ... on level 9 of the Dungeon.
             The game lasted 00:21:42 (12666 turns).

lennort the Priest (Hill Orc Monk)                 Turns: 12666, Time: 00:21:42

Health: -5/77      AC: 12    Str: 17    XL:     10   Next: 44%
Magic:  18/18      EV: 11    Int: 10    God:    Beogh [**....]
Gold:   172        SH:  0    Dex:  8    Spells: 9/9 levels left

rFire   . . .      SeeInvis .   w - +1 war axe (chaos)
rCold   . . .      Faith    .   (no shield)
rNeg    + . .      Spirit   .   f - +0 ring mail
rPois   .          Reflect  .   u - +1 helmet
rElec   .          Harm     .   y - +0 cloak
rCorr   .          Rampage  .   (no gloves)
Will    .....      Rage     3%  k - +1 pair of boots of Thoughtfulness {+Blink rN+ Dex-5}
Stlth   +.........              (no amulet)
HPRegen 0.22/turn               (no ring)
MPRegen 0.16/turn               (no ring)

@: no status effects
A: hooves 1, berserk 1, weak 1
a: Renounce Religion, Evoke Blink, Smiting


You were on level 9 of the Dungeon.
You worshipped Beogh.
Beogh was pleased with you.
You visited 2 branches of the dungeon, and saw 10 of its levels.

You collected 457 gold pieces.
You spent 285 gold pieces at shops.

Inventory:

Hand Weapons
 p - a +0 sling
 s - a +1 vampiric hand axe
 t - a +0 shortbow
 w - a +1 war axe of chaos (weapon)
Armour
 b - a +0 robe
 e - a +0 leather armour
 f - a +0 ring mail (worn)
 k - the +1 pair of boots of Thoughtfulness (worn) {+Blink rN+ Dex-5}
   (You bought it in a shop on level 4 of the Dungeon)

   Dex:       It affects your dexterity (-5).
   rN:        It protects you from negative energy.
   +Blink:    It lets you blink.
 u - a +1 helmet (worn)
 y - a +0 cloak (worn)
Jewellery
 l - a +6 ring of strength
 G - a ring of willpower
Wands
 r - a wand of quicksilver (13)
 x - a wand of charming (10)
 F - a wand of digging (9)
Scrolls
 d - a scroll of brand weapon
 g - 10 scrolls of identify
 j - a scroll of amnesia {unknown}
 m - a scroll of fog
 n - a scroll of enchant weapon
 q - 2 scrolls of poison
 A - a scroll of noise {unknown}
 B - a scroll of enchant armour
 D - 4 scrolls of magic mapping
 H - a scroll of silence {unknown}
Potions
 a - a potion of resistance {unknown}
 c - 3 potions of ambrosia
 h - 4 potions of flight
 o - a potion of haste {unknown}
 v - a potion of lignification {unknown}
 z - a potion of brilliance {unknown}
 C - a potion of berserk rage {unknown}
 E - 2 potions of cancellation {unknown}
 I - a potion of attraction {unknown}


   Skills:
 - Level 3.6 Fighting
 + Level 10.9 Axes
 + Level 5.4 Ranged Weapons
 + Level 7.3 Armour
 - Level 2.4 Dodging
 - Level 1.5 Stealth
 * Level 11.6 Invocations


You had 9 spell levels left.
You didn't know any spells.
Your spell library contained the following spells:

 Spells                   Type           Power      Damage    Failure   Level
 Apportation              Tloc           0%         N/A       54%         1
 Necrotise                Necr           0%         1d4       54%         1
 Shock                    Conj/Air       0%         1d3       54%         1
 Summon Small Mammal      Summ           0%         N/A       54%         1
 Scorch                   Fire           0%         2d5       67%         2
 Sublimation of Blood     Necr           0%         N/A       67%         2
 Ignite Poison            Fire/Tmut/Pois 0%         N/A       88%         3
 Mephitic Cloud           Conj/Pois/Air  0%         N/A       88%         3
 Swiftness                Air            0%         N/A       88%         3
 Airstrike                Air            0%         2d(0-16)  99%         4
 Cause Fear               Hex            0%         N/A       99%         4
 Flame Wave               Conj/Fire      0%         2d4       99%         4
 Petrify                  Tmut/Erth      0%         N/A       99%         4
 Freezing Cloud           Conj/Ice/Air   0%         6-21      100%        5
 Irradiate                Conj/Tmut      0%         3d11      100%        5
 Summon Cactus Giant      Summ           0%         N/A       100%        6
 Dragon Form              Tmut           0%         N/A       100%        7
 Dragon's Call            Summ           0%         N/A       100%        9


Dungeon Overview and Level Annotations

Branches:
Dungeon (9/15)             Temple (0/1) D:7            Lair (1/5) D:8
    Orc: D:9-12

Altars:
Ashenzari
Dithmenos
Elyvilon
Fedhas
Hepliaklqana
Kikubaaqudgha
Makhleb
Nemelex Xobeh
Okawaru
Ru
Sif Muna
Wu Jian
Yredelemnul

Shops:
D:4 [   D:8 :


Innate Abilities, Weirdness & Mutations

You have large cloven feet.
You sometimes lose your temper in combat.
You are weak. (Str -2)


Message History

The howler monkey hits you but does no damage.
You slash the howler monkey!
Space warps horribly around the howler monkey!
You kill the howler monkey!
Beogh accepts your kill.
An orc comes into view. It is wielding a +0 flail.
The orc warrior hits you from afar with a +0 halberd!
An orc and an orc priest come into view.
The orc shouts!
The orc priest shouts!
The orc warrior hits you with a +0 halberd.
You see here a howler monkey corpse.
You hit the orc warrior but do no damage.
The orc priest calls down the wrath of Beogh upon you.
Beogh smites you!
An orc comes into view. It is wielding a +0 flail.
The orc warrior hits you with a +0 halberd!!
* * * LOW HITPOINT WARNING * * *
You hit the orc warrior.
You feel better.
The orc warrior is lightly wounded.
An orc comes into view. It is wielding a +0 club.
An orc priest comes into view.
It is wielding a +0 morningstar of venom.
The orc warrior barely misses you.
You hit the orc warrior but do no damage.
The orc warrior seems to speed up.
The orc warrior is lightly wounded.
The orc warrior hits you with a +0 halberd!
* * * LOW HITPOINT WARNING * * *
An orc wizard comes into view.
It is wielding a +1 dagger of holy wrath.
The orc warrior barely misses you.
You feel better. The orc warrior misses you.
Okay, then.
As you read the scroll of fog, it crumbles to dust.
The scroll dissolves into smoke.
The orc warrior hits you with a +0 halberd!
* * * LOW HITPOINT WARNING * * *
The orc warrior hits you with a +0 halberd.
* * * LOW HITPOINT WARNING * * *
The orc warrior attacks as you move away!
The orc warrior hits you with a +0 halberd!
You die...

#.#...# ...... # #.#...#
..... #.##.#.<.# ....
#........#
...##.####.#...#
...#.####...... .#.
..#.#.........
oo.o.######.#.#.##.####.
#oo{o@§§......##)# #
##o######.......†##
#............).##
....####..........## .
#...........##
#............#
#..........#..
#..........##.
##............


You could see an orc warrior (fast).

Vanquished Creatures
  Erica (D:8)
  A troll (D:8)
  A wyvern (D:8)
  4 yaks (D:9)
  A steam dragon (D:8)
  A vampire mosquito (D:8)
  A water moccasin (D:5)
  2 orc warriors (D:8)
  4 sky beasts
  2 black bears
  An ogre (D:5)
  2 centaurs
  2 phantoms (D:7)
  A kobold brigand (D:7)
  3 bullfrogs (D:8)
  5 necrophages
  A scorpion (D:4)
  A wight (D:8)
  3 killer bees (D:7)
  An electric eel (D:8)
  8 crimson imps (D:7)
  3 howler monkeys (D:9)
  A jelly (D:8)
  A hound (D:6)
  2 iguanas (D:5)
  4 orc wizards
  4 gnolls (D:6)
  5 adders
  5 white imps
  2 ufetubi (D:5)
  A worm (D:3)
  2 dart slugs
  18 orcs
  5 endoplasms
  3 giant cockroaches
  7 goblins
  4 hobgoblins
  3 jackals (D:4)
  11 kobolds
  4 quokkas
  12 ball pythons
  5 bats
  5 frilled lizards
  6 rats
159 creatures vanquished.

Vanquished Creatures (collateral kills)
  An orc (D:8)
1 creature vanquished.

Vanquished Creatures (others)
  An ogre (D:4)
  An orc priest (D:8)
  An orc wizard (D:4)
  An adder (D:4)
  A worm (D:4)
  5 orcs
  A goblin (D:4)
  A kobold (D:4)
12 creatures vanquished.

Grand Total: 172 creatures vanquished

Notes
Turn   | Place    | Note
-------+----------+-------------------------------------------
     0 | D:1      | lennort the Hill Orc Monk began the quest for the Orb.
     0 | D:1      | Reached XP level 1. HP: 19/19 MP: 1/1
   399 | D:1      | Reached XP level 2. HP: 20/26 MP: 2/2
   620 | D:1      | Reached skill level 5 in Axes
  1023 | D:1      | Reached XP level 3. HP: 31/31 MP: 3/3
  1817 | D:2      | Reached skill level 1 in Armour
  2581 | D:3      | Reached XP level 4. HP: 23/39 MP: 4/4
  2945 | D:3      | Found a basalt altar of Yredelemnul.
  3320 | D:4      | Noticed a scorpion
  3364 | D:4      | Found an iron altar of Okawaru.
  3367 | D:4      | Became a worshipper of Beogh the Brigand
  3367 | D:4      | Reached * piety under Beogh
  3367 | D:4      | Reached ** piety under Beogh
  3578 | D:4      | Killed a scorpion
  3579 | D:4      | Reached XP level 5. HP: 40/45 MP: 1/5
  3662 | D:4      | Killed an ogre
  3822 | D:4      | Found Uduowyll's Antique Armour Shop.
  3927 | D:4      | Reached skill level 2 in Invocations
  4114 | D:4      | Found a sacrificial altar of Ru.
  4200 | D:4      | Reached XP level 6. HP: 51/51 MP: 7/7
  4298 | D:5      | Entered Level 5 of the Dungeon
  4660 | D:5      | Found an ornate altar of the Wu Jian Council.
  4662 | D:5      | Found a sparkling altar of Nemelex Xobeh.
  4670 | D:5      | Found a shimmering blue altar of Sif Muna.
  4672 | D:5      | Found an ancient bone altar of Kikubaaqudgha.
  4673 | D:5      | Found a blossoming altar of Fedhas.
  4692 | D:5      | Found a broken altar of Ashenzari.
  4693 | D:5      | Found a shadowy altar of Dithmenos.
  4729 | D:5      | Noticed a water moccasin
  4734 | D:5      | Killed a water moccasin
  4735 | D:5      | Reached skill level 3 in Invocations
  5217 | D:5      | Reached skill level 1 in Ranged Weapons
  5240 | D:5      | You fall into a shaft and drop 1 floor!
  5471 | D:5      | Reached skill level 4 in Invocations
  5471 | D:5      | Reached XP level 7. HP: 30/57 MP: 8/10
  6283 | D:6      | Reached skill level 5 in Invocations
  6590 | D:6      | Reached XP level 8. HP: 51/64 MP: 12/12
  6751 | D:6      | Found a white marble altar of Elyvilon.
  6751 | D:6      | Found a burning altar of Makhleb.
  6971 | D:6      | Reached skill level 6 in Invocations
  7795 | D:7      | Found a staircase to the Ecumenical Temple.
  7862 | D:7      | Reached skill level 7 in Invocations
  8603 | D:7      | Reached skill level 5 in Armour
  8733 | D:7      | Reached skill level 8 in Invocations
  8747 | D:7      | Reached XP level 9. HP: 58/70 MP: 15/15
  8755 | D:7      | Reached *** piety under Beogh
  9616 | D:8      | Reached skill level 9 in Invocations
  9643 | D:8      | Found a staircase to the Lair.
  9651 | D:8      | HP: 2/70 [wyvern (8)]
 10099 | D:8      | Noticed a boulder beetle
 10356 | D:4      | Bought a pair of jewelled boots for 285 gold pieces
 10356 | D:4      | Identified the +1 pair of boots of Thoughtfulness {+Blink
                  | rN+ Dex-5} (You bought it in a shop on level 4 of the
                  | Dungeon)
 10554 | Lair:1   | Entered Level 1 of the Lair of Beasts
 10556 | Lair:1   | Gained mutation: You are weak. (Str -2) [potion of
                  | mutation]
 10556 | Lair:1   | Gained mutation: You sometimes lose your temper in combat.
                  | [potion of mutation]
 10556 | Lair:1   | Gained mutation: You have large cloven feet. [potion of
                  | mutation]
 10557 | Lair:1   | Noticed a cane toad
 10559 | Lair:1   | Noticed an orange demon
 10880 | D:8      | Reached skill level 10 in Axes
 10947 | D:8      | Reached skill level 10 in Invocations
 11246 | D:8      | Noticed a troll
 11256 | D:8      | Killed a troll
 11266 | D:8      | Reached XP level 10. HP: 29/77 MP: 15/17
 11567 | D:8      | Found Teroq's Book Shoppe.
 11828 | D:8      | Noticed Erica
 11842 | D:8      | Killed Erica
 11843 | D:8      | Reached skill level 5 in Ranged Weapons
 11843 | D:8      | Reached skill level 11 in Invocations
 12293 | D:8      | Found a hazy altar of Hepliaklqana.
 12666 | D:9      | Slain by an orc warrior

Illustrated notes

Levels and vault maps discovered:
D:1:      arrival_zaba_pyramid, layout_basic, minivault_25, nrook_mini_backslash
D:2:      layout_basic
D:3:      layout_rooms, mainiacjoe_overflow_chevrons
D:4:      layout_rooms, lemuel_tele_altar, okawaru_trees_1, serial_shops,
          shop_fountains
D:5:      layout_loops_corners, nicolae_overflow_hallway_of_the_gods,
          kennysheep_potato
D:6:      layout_loops_corners, nicolae_overflow_two_pavilions
D:7:      layout_loops_ring, minmay_temple_entry_hall, serial_glass,
          glass_columns_c, glass_columns_a, glass_columns_b, glass_columns_a,
          glass_columns_a, glass_columns_b, glass_columns_a, glass_columns_b,
          glass_columns_b, glass_columns_a, glass_columns_c, glass_columns_a,
          glass_columns_b, glass_columns_b, minmay_nine_imps
D:8:      kennysheep_big_flooded_room, layout_loops_cross,
          nzn_hepliaklqana_mist_gate, chequers_serial_rivers_micro_d,
          minmay_crystal_water, moated_statue, nicolae_stop_n_shop_2,
          minmay_circle_x, uniq_erica
D:9:      layout_rooms, special_room [special_room_orc]
Lair:1:   layout_layer_cave, nicolae_quartered_pool_impasse,
          beast_lair_carwin_8, uniq_amaemon

Skill      XL: |  1  2  3  4  5  6  7  8  9 10 |
---------------+-------------------------------+-----
Axes           | 5 6 7 8 9 10 | 10.9
Armour         | 1 2 3 4 5 6 7 |  7.3
Invocations    | 2 4 5 8 10 11 | 11.6
Ranged Weapons | 1 2 3 4 5 |  5.4
Fighting       | |  3.6
Dodging        | |  2.4
Stealth        | |  1.5

Action                   |  1- 3 |  4- 6 |  7- 9 | 10-12 || total
-------------------------+-------+-------+-------+-------++-------
Melee: Hand axe          |   111 |   131 |       |       ||   242
       War axe           |       |    17 |   321 |    67 ||   405
       Punch             |       |     1 |     3 |     1 ||     5
 Fire: Shortbow          |       |     4 |     8 |       ||    12
Invok: Smiting           |       |     1 |     5 |     3 ||     9
       Convert to Beogh  |       |     1 |       |       ||     1
 Abil: Evoke Blink       |       |       |     2 |       ||     2
  Use: Scroll            |     2 |     2 |     9 |     1 ||    14
       Potion            |       |       |     3 |     1 ||     4
 Stab: Sleeping          |     3 |       |       |       ||     3
       Confused          |     1 |       |       |       ||     1
Armor: Robe              |     4 |       |       |       ||     4
       Ring mail         |    21 |    50 |   163 |    18 ||   252
       Leather armour    |     3 |       |       |       ||     3
Dodge: Dodged            |    54 |    57 |   177 |    18 ||   306
